 Dungeon Crawl Stone Soup version 0.31.0-11-ge490571c62 (webtiles) character file.

Game seed: 4066392572390674300

89 qw the Shooter (level 4, -5/22 HPs)
             Began as a Spriggan Hunter on Feb 4, 2024.
             Constricted to death by Ijyb (7 damage)
             ... on level 3 of the Dungeon.
             The game lasted 00:00:04 (1539 turns).

qw the Shooter (Spriggan Hunter)                    Turns: 1539, Time: 00:00:05

Health: -5/22      AC:  2    Str:  7    XL:     4   Next: 31%
Magic:  5/5        EV: 16    Int: 10    God:
Gold:   116        SH:  0    Dex: 20    Spells: 3/3 levels left

rFire   . . .        a - +1 shortbow
rCold   . . .        (shield currently unavailable)
rNeg    . . .        c - +0 robe
rPois   .            (helmet restricted)
rElec   .            (no cloak)
rCorr   +            (gloves unavailable)
SInv    +            (boots unavailable)
Will    .....        (no amulet)
Stlth   ++           i - ring of resist corrosion
HPRegen 0.23/turn    (no ring)
MPRegen 0.09/turn

%: no passive effects
@: grasped by roots, constricted, very quick
A: very small, no large weapons, unfitting armour, see invisible, speed 3
a: no special abilities


You were on level 3 of the Dungeon.
You visited 1 branch of the dungeon, and saw 3 of its levels.

You collected 116 gold pieces.


Innate Abilities, Weirdness & Mutations

You are very small and have problems with some larger weapons.
You are too small for most types of armour.
You have supernaturally acute eyesight. (SInv)
You cover ground extremely quickly. (Speed+++)


   Skills:
 - Level 1.5 Fighting
 - Level 5.3 Ranged Weapons
 + Level 4.0 Dodging
 - Level 1.5 Stealth


You had 3 spell levels left.
You didn't know any spells.
Your spell library was empty.

Inventory:

Hand Weapons
 a - a +1 shortbow (weapon)
Armour
 c - a +0 robe (worn)
Jewellery
 i - a ring of resist corrosion (left hand)
Scrolls
 g - a scroll of teleportation {unknown}
Potions
 b - 2 potions of enlightenment
 d - a potion of curing {unknown}
 e - a potion of heal wounds {unknown}
 f - a potion of lignification {unknown}

Dungeon Overview and Level Annotations

Branches:
Dungeon (3/15)

Altars:

Annotations:
D:3 Ijyb


Message History

The bombardier beetle is heavily wounded.
You shoot an arrow.
The arrow barely misses the bombardier beetle.
You shoot an arrow. The arrow hits the rat.
You kill the rat!
You shoot an arrow.
The arrow hits the bombardier beetle but does no damage.
The bombardier beetle is heavily wounded.
You shoot an arrow. The arrow hits the bombardier beetle!
You kill the bombardier beetle!
Your Ranged Weapons skill increases to level 5!
You have reached level 4!
g - a scroll labelled DUSARA AROIS You see here a rat corpse.
b - 2 potions of enlightenment (gained 1) Ijyb and a kobold come into view.
Ijyb is wielding a +4 dagger of venom, wearing a +2 leather armour of positive energy and carrying a wand of roots.
You shoot an arrow.
The arrow hits the kobold but does no damage.
The kobold shouts!
Ijyb shouts!
The kobold throws a stone.
The stone misses you.
You hear a shout!
You shoot an arrow. The arrow hits the kobold!
You kill the kobold!
You shoot an arrow. The arrow hits Ijyb but does no damage.
Ijyb zaps a wand.
The roots erupt in riotous growth!
The grasping roots grab you! The grasping roots constrict you.
You hear a shout!
You shoot an arrow. The arrow hits Ijyb but does no damage.
The grasping roots constrict you.
Ijyb hits you with a +4 dagger of venom.
The grasping roots constrict you.
You shoot an arrow. The arrow hits Ijyb.
Ijyb is lightly wounded.
Ijyb misses you. The grasping roots constrict you.
You shoot an arrow. The arrow closely misses Ijyb.
Ijyb misses you. The grasping roots constrict you!
You die...

#######.###........###P###
#.###........#%.....
.....................
..###...##+#......... ...
+......#%######## ....
#........# .....
#........# ##.......###
#.@.......# #g#######.#
..) .# ..... # #.....#
#..... +.###. ## #.


You could see Ijyb.

Vanquished Creatures
  A bombardier beetle (D:3)
  A ribbon worm (D:2)
  2 dart slugs (D:2)
  An orc (D:3)
  3 ball pythons (D:1)
  4 endoplasms
  A giant cockroach (D:2)
  5 hobgoblins
  3 jackals (D:2)
  3 kobolds
  3 quokkas
  A bat (D:1)
  2 frilled lizards
  5 goblins
  10 rats
45 creatures vanquished.

Notes
Turn   | Place    | Note
-------+----------+-------------------------------------------
     0 | D:1      | qw the Spriggan Hunter began the quest for the Orb.
     0 | D:1      | Reached XP level 1. HP: 10/10 MP: 2/2
     0 | D:1      | 0 ||| qw: Version: 0.3-a-160-g6735b56
     0 | D:1      | 0 ||| qw: Game counter: 5594
     0 | D:1      | 0 ||| qw: Melee chars always use a shield: true
     0 | D:1      | 0 ||| qw: God list: Okawaru
     0 | D:1      | 0 ||| qw: Allow faded altars: false
     0 | D:1      | 0 ||| qw: Do Orc after clearing Dungeon:15 true
     0 | D:1      | 0 ||| qw: Do second Lair branch before Depths: true
     0 | D:1      | 0 ||| qw: Lair rune preference: random
     0 | D:1      | 0 ||| qw: Goals: Normal
     0 | D:1      | 0 ||| PLANNING D:1-11
    30 | D:1      | Reached skill level 3 in Dodging
   123 | D:1      | Reached XP level 2. HP: 14/14 MP: 3/3
   541 | D:1      | 541 ||| DROPPING scroll of butterflies.
   649 | D:2      | Reached XP level 3. HP: 18/18 MP: 4/4
  1392 | D:2      | 1392 ||| DROPPING amulet of magic regeneration.
  1393 | D:2      | 1393 ||| UPGRADING to ring of resist corrosion.
  1394 | D:2      | 1394 ||| READING scroll labelled ITIOXK TYURA.
  1395 | D:2      | 1395 ||| READING scroll labelled TICERH EKUD.
  1395 | D:2      | 1395 ||| IDENTIFYING pink potion
  1396 | D:2      | 1396 ||| READING scroll labelled YNALAE WAIGU.
  1396 | D:2      | 1396 ||| ENCHANTING +0 shortbow.
  1397 | D:2      | 1397 ||| DRINKING 2 dark potions.
  1398 | D:2      | 1398 ||| DROPPING potion of brilliance.
  1522 | D:3      | Reached skill level 5 in Ranged Weapons
  1522 | D:3      | Reached XP level 4. HP: 22/22 MP: 5/5
  1533 | D:3      | Noticed Ijyb
  1538 | D:3      | HP: 2/22 [constriction (4)]
  1539 | D:3      | Constricted to death by Ijyb

Levels and vault maps discovered:
D:1:      minmay_arrival_plants_in_alcoves, layout_basic
D:2:      layout_loops_corners
D:3:      layout_basic, nicolae_hepliaklqana_monster_ancestors,
          shapermc_ecumenical_altar_mp_urbaneastern, gammafunk_ghost_arena,
          uniq_ijyb

Skill      XL: |  1  2  3 |
---------------+----------+-----
Dodging        | 3 4 |  4.0
Ranged Weapons | 5 |  5.3
Fighting       | |  1.5
Stealth        | |  1.5

Action                     |  1- 3 |  4- 6 || total
---------------------------+-------+-------++-------
   Fire: Shortbow          |   110 |     6 ||   116
    Use: Scroll            |     3 |       ||     3
         Potion            |     1 |       ||     1
 Armour: Robe              |     4 |     1 ||     5
  Dodge: Dodged            |    24 |     3 ||    27

Table legend:
 A = Non-vault XP
 B = Vault XP
 C = Vault XP percentage of total XP
 D = Non-vault monster count
 E = Vault monster count
 F = Vault count percentage of total count
                 A         B        C        D         E       F
            +---------+---------+-------+---------+---------+-------
      Total |     128 |       0 |   0.0 |      45 |       0 |   0.0
            +---------+---------+-------+---------+---------+-------
        D:1 |      30 |       0 |   0.0 |      19 |       0 |   0.0
        D:2 |      43 |       0 |   0.0 |      21 |       0 |   0.0
        D:3 |      55 |       0 |   0.0 |       5 |       0 |   0.0
            +---------+---------+-------+---------+---------+-------
